 Dungeon Crawl Stone Soup version 0.30-a0-571-gdf30a72648 (webtiles) character file.

Game seed: 14602520186169132393

8436 bmack86 the Cleaver (level 11, -1/100 HPs)
             Began as a Minotaur Fighter on Dec 29, 2022.
             Was an Elder of Okawaru.
             Slain by a vampire mosquito (5 damage)
             ... on level 10 of the Dungeon.
             The game lasted 00:25:06 (7977 turns).

bmack86 the Cleaver (Minotaur Fighter)              Turns: 7977, Time: 00:25:07

Health: -1/100     AC: 18    Str: 25    XL:     11   Next: 9%
Magic:  5/12       EV: 14    Int:  5    God:    Okawaru [****..]
Gold:   698        SH:  7    Dex: 10    Spells: 10/10 levels left

rFire   + . .      SeeInvis .    a - +0 war axe
rCold   + . .      Faith    +    c - +0 buckler
rNeg    . . .      Spirit   .    l - +4 plate armour
rPois   +          Reflect  .    (helmet restricted)
rElec   .          Harm     .    G - scarf {rC+ rF+}
rCorr   .          Rampage  .    F - +0 pair of gloves
Will    .....                    (no boots) Stlth
                                 y - amulet of faith
HPRegen 0.36/turn                g - +5 ring of evasion
MPRegen 0.13/turn                j - ring of poison resistance

@: heroic, corroded, studying Fighting
A: horns 2, retaliatory headbutt
a: Renounce Religion, Heroism, Finesse


You were on level 10 of the Dungeon.
You worshipped Okawaru.
Okawaru was greatly pleased with you.
You visited 2 branches of the dungeon, and saw 11 of its levels.

You collected 698 gold pieces.

Inventory:

Hand Weapons
 a - a +0 war axe (weapon)
Missiles
 e - 11 javelins (quivered)
 q - 8 poisoned darts
 u - 6 curare-tipped darts
 I - 2 boomerangs
Armour
 c - a +0 buckler (worn)
 k - a scarf of shadows
 l - a +4 plate armour (worn)
 F - a +0 pair of gloves (worn)
 G - a scarf of resistance (worn)
Jewellery
 b - an amulet of guardian spirit
 g - a +5 ring of evasion (left hand)
 j - a ring of poison resistance (right hand)
 m - a ring of ice
 y - an amulet of faith (around neck)
 B - a ring of wizardry
 H - a ring of see invisible
Wands
 w - a wand of paralysis (8)
 C - a wand of mindburst (15)
Scrolls
 f - 5 scrolls of teleportation
 r - a scroll of summoning
 s - a scroll of enchant weapon
 v - a scroll of silence
 x - a scroll of fog
 E - a scroll of amnesia
Potions
 d - a potion of might
 h - a potion of flight
 i - 2 potions of brilliance
 n - 8 potions of curing
 o - a potion of invisibility
 p - a potion of lignification
 t - 2 potions of attraction
 z - a potion of heal wounds
 A - 2 potions of magic
 D - a potion of mutation {unknown}


   Skills:
 + Level 10.2(15.2) Fighting
 * Level 11.9(16.9) Axes
 + Level 6.4(11.4) Throwing
 + Level 9.1(14.1) Armour
 + Level 9.0(14.0) Shields
 + Level 3.7 Invocations


You had 10 spell levels left.
You didn't know any spells.
Your spell library contained the following spells:

 Spells                   Type           Power      Damage    Failure   Level
 Necrotise                Necr           0%         1d4       99%         1
 Vampiric Draining        Necr           0%         2d6       100%        3
 Leda's Liquefaction      Hex/Erth       0%         N/A       100%        4
 Agony                    Necr           0%         N/A       100%        5
 Lee's Rapid Deconstruct  Erth           0%         3d4*      100%        5
 Statue Form              Tmut/Erth      0%         N/A       100%        6


Dungeon Overview and Level Annotations

Branches:
Dungeon (10/15)            Temple (1/1) D:4
   Lair: D:8-11         Orc: D:9-12

Altars:
Ashenzari
Cheibriados
Dithmenos
Elyvilon
Fedhas
Gozag
Hepliaklqana
Kikubaaqudgha
Makhleb
Nemelex Xobeh
Okawaru
Qazlal
Ru
Sif Muna
Trog
Uskayaw
Vehumet
Wu Jian
Xom
Yredelemnul
Zin
The Shining One

Shops:
D:7 [


Innate Abilities, Weirdness & Mutations

You have a pair of horns on your head.
You reflexively headbutt those who attack you in melee.


Message History

You furiously retaliate!
You headbutt the vampire mosquito, but do no damage.
The two-headed ogre hits you but does no damage.
You block the two-headed ogre's attack.
The shadow slips into darkness.
The shadow flickers and vanishes!
Deactivating autopickup; reactivate with Ctrl-A.
You closely miss the wyvern.
The wyvern is severely wounded.
You closely miss the vampire mosquito.
You hit the two-headed ogre but do no damage.
You hit something but do no damage.
You hit the acid dragon but do no damage.
The vampire mosquito bites you but does no damage.
The wyvern bites you. The acid dragon spits acid at you.
You block the splash of acid.
The vampire mosquito closely misses you.
The shadow strikes at you from the darkness!
Reactivating autopickup.
The wyvern bites you!
* * * LOW HITPOINT WARNING * * *
You hear a shout!
You slash the wyvern! Your headbutt misses the wyvern.
The wyvern is almost dead.
You slash the two-headed ogre! You closely miss the shadow.
You barely miss the acid dragon. You closely miss the vampire mosquito.
You block the vampire mosquito's attack.
You block the acid dragon's attack. x2
The two-headed ogre hits you with a +0 giant club!
* * * LOW HITPOINT WARNING * * *
The two-headed ogre misses you.
A kobold brigand comes into view.
It is wielding a +0 club and quivering curare-tipped darts.
The wyvern bites you!
* * * LOW HITPOINT WARNING * * *
You hit the wyvern but do no damage.
The wyvern is almost dead.
You hit the two-headed ogre. You hit the shadow. You slash the acid dragon!
You slash the vampire mosquito! The vampire mosquito bites you.
You die...

...............
.................
................
##............###
..K..............
........D.......
....O.ODy...# #..l@# .
#..W.# .. #....# ...
##....## ....
##......##
.....######........##
......................
.......<..............
................######


You could see 2 two-headed ogres, a wyvern, 2 acid dragons, a vampire mosquito,
a kobold brigand and a shadow.

Vanquished Creatures
  A two-headed ogre (D:9)
  The ghost of bande the Cleaver, a novice GrFi of Okawaru (D:8)
  Maggie (D:7)
  An unseen horror (D:10)
  A hornet (D:9)
  A wyvern (D:9)
  18 yaks
  Sigmund (D:6)
  A steam dragon (D:8)
  A vampire mosquito (D:10)
  Menkaure (D:6)
  3 orc warriors
  3 sky beasts
  An ogre (D:5)
  3 centaurs
  2 phantoms
  5 bullfrogs
  5 scorpions
  2 necrophages
  A gnoll sergeant (D:5)
  9 wights
  5 killer bees (D:7)
  2 howler monkeys (D:7)
  3 hounds
  A gnoll bouda (D:6)
  3 jellies
  5 orc priests
  An iguana (D:4)
  Natasha (thrice) (D:2)
  4 orc wizards
  6 gnolls
  An adder (D:5)
  2 shadow imps
  A white imp (D:5)
  An ufetubus (D:6)
  2 worms
  A dart slug (D:2)
  16 orcs
  4 endoplasms
  5 giant cockroaches
  8 goblins
  9 hobgoblins
  5 quokkas
  4 ball pythons
  5 bats
  5 frilled lizards
  7 kobolds
  4 rats
175 creatures vanquished.

Vanquished Creatures (others)
  An orc wizard (D:7)
1 creature vanquished.

Grand Total: 176 creatures vanquished

Notes
Turn   | Place    | Note
-------+----------+-------------------------------------------
     0 | D:1      | bmack86 the Minotaur Fighter began the quest for the Orb.
     0 | D:1      | Reached XP level 1. HP: 19/19 MP: 0/0
   145 | D:1      | Reached XP level 2. HP: 27/27 MP: 1/1
   182 | D:1      | Reached skill level 3 in Axes
   214 | D:1      | Found a faded altar of an unknown god.
   594 | D:2      | Reached XP level 3. HP: 33/33 MP: 2/2
   955 | D:2      | Noticed Natasha
   960 | D:2      | Killed Natasha
   961 | D:2      | Reached XP level 4. HP: 40/40 MP: 3/3
  1072 | D:2      | Noticed Natasha
  1081 | D:2      | Killed Natasha
  1082 | D:2      | Reached skill level 4 in Axes
  1121 | D:2      | Noticed Natasha
  1128 | D:2      | Killed Natasha
  2083 | D:3      | Reached XP level 5. HP: 47/47 MP: 4/4
  2083 | D:3      | Found an iron altar of Okawaru.
  2087 | D:3      | Became a worshipper of Warmaster Okawaru
  2348 | D:4      | Found a blossoming altar of Fedhas.
  2606 | D:4      | Found a staircase to the Ecumenical Temple.
  2619 | Temple   | Entered the Ecumenical Temple
  2932 | D:5      | Entered Level 5 of the Dungeon
  2940 | D:5      | Reached skill level 5 in Axes
  2940 | D:5      | Reached skill level 1 in Throwing
  2940 | D:5      | Reached XP level 6. HP: 54/55 MP: 5/5
  3009 | D:5      | Reached skill level 5 in Fighting
  3072 | D:5      | Reached skill level 5 in Armour
  3072 | D:5      | Reached skill level 5 in Shields
  3139 | D:5      | Reached * piety under Okawaru
  3315 | D:5      | Reached XP level 7. HP: 61/61 MP: 6/6
  3849 | D:5      | Reached skill level 6 in Axes
  4009 | D:5      | You fall into a shaft and drop 2 floors!
  4138 | D:6      | Found an ornate altar of the Wu Jian Council.
  4158 | D:6      | Reached ** piety under Okawaru
  4159 | D:6      | Reached skill level 7 in Axes
  4159 | D:6      | Reached XP level 8. HP: 51/70 MP: 3/7
  4304 | D:6      | Noticed Sigmund
  4315 | D:6      | Killed Sigmund
  4469 | D:5      | Reached skill level 8 in Axes
  4668 | D:6      | Found a hide-covered altar of Uskayaw.
  4760 | D:6      | Noticed Menkaure
  4770 | D:6      | Killed Menkaure
  5044 | D:6      | Reached XP level 9. HP: 27/78 MP: 3/8
  5256 | D:6      | Found a bloodstained altar of Trog.
  5257 | D:6      | Found a radiant altar of Vehumet.
  5474 | D:7      | Found a sparkling altar of Nemelex Xobeh.
  5499 | D:7      | Reached *** piety under Okawaru
  5500 | D:7      | Reached skill level 9 in Axes
  5510 | D:7      | Found a hazy altar of Hepliaklqana.
  5712 | D:7      | Noticed Maggie
  5726 | D:7      | Killed Maggie
  5832 | D:7      | Reached skill level 5 in Throwing
  5889 | D:7      | Found Bunkopt's Antique Armour Shoppe.
  5905 | D:7      | Reached skill level 10 in Axes
  5943 | D:7      | Found a broken altar of Ashenzari.
  6042 | D:7      | Found a snail-covered altar of Cheibriados.
  6343 | D:8      | Found a runed translucent door.
  6353 | D:8      | Reached skill level 1 in Invocations
  6355 | D:8      | Reached **** piety under Okawaru
  6357 | D:8      | Reached XP level 10. HP: 73/88 MP: 5/10
  6785 | D:8      | Noticed bande's ghost (novice GrFi)
  6811 | D:8      | Killed bande's ghost
  6918 | D:9      | Reached skill level 11 in Axes
  7286 | D:9      | Noticed a two-headed ogre
  7295 | D:9      | Killed a two-headed ogre
  7922 | D:10     | Entered Level 10 of the Dungeon
  7943 | D:10     | Reached skill level 10 in Fighting
  7952 | D:10     | Reached XP level 11. HP: 87/99 MP: 5/12
  7955 | D:10     | Received a gift from Okawaru
  7963 | D:10     | Noticed a two-headed ogre
  7972 | D:10     | Noticed a two-headed ogre
  7976 | D:10     | HP: 3/100 [wyvern (7)]
  7977 | D:10     | Slain by a vampire mosquito

Illustrated notes

Levels and vault maps discovered:
D:1:      amcnicky_arrival_underground_garden, layout_rooms,
          basic_ecumenical_altar, minmay_pentomino_u4
D:2:      layout_rooms, serial_rivers, chequers_serial_rivers_micro_d,
          chequers_serial_rivers_small_b, chequers_serial_rivers_micro_a,
          chequers_serial_rivers_small_3, chequers_serial_rivers_large_a,
          uniq_natasha
D:3:      layout_basic, marbit_many_paths
D:4:      layout_cave_pools, fedhas_altar_3, temple_fountains,
          chequers_serial_rivers_micro_a
D:5:      layout_layer_cave
D:6:      layout_loops_ring, mainiacjoe_overflow_catwalk,
          mainiacjoe_overflow_divided_tiny, overflow_temple_1_default,
          uniq_menkaure, uniq_sigmund
D:7:      hellmonk_crumbling_castle, layout_cave_pools, cheibrodos_worm_habitat,
          cheibrodos_ashenzari_chains, nemelex_xobeh_ov_fountains_minmay,
          overflow_temple_1_default, serial_shops, nicolae_shop_hallway_plus,
          uniq_maggie
D:8:      layout_basic, ebering_ghost_reflecting_pool, minmay_manual_mess
D:9:      layout_long_grid
D:10:     minmay_four_partial_circles, layout_irregular_city, orc_david_3,
          statue_in_the_mist_lemuel, nicolae_shop_sticking_my_neck_out
Temple:   nicolae_temple_bog_church

Skill      XL: |  1  2  3  4  5  6  7  8  9 10 |
---------------+-------------------------------+-----
Axes           | 3 4 5 7 8 10 11 | 11.9
Armour         | 4 5 6 8 9 |  9.1
Fighting       | 4 5 6 8 10 | 10.2
Shields        | 4 5 6 7 9 |  9.0
Throwing       | 1 2 4 5 6 |  6.4
Invocations    | 1 3 |  3.7

Action                   |  1- 3 |  4- 6 |  7- 9 | 10-12 || total
-------------------------+-------+-------+-------+-------++-------
Melee: War axe           |    69 |    85 |   172 |   119 ||   445
       Headbutt          |     6 |    12 |    36 |    32 ||    86
Throw: Javelin           |       |    13 |    10 |     9 ||    32
Invok: Heroism           |       |       |     6 |     7 ||    13
       Finesse           |       |       |       |     2 ||     2
  Use: Scroll            |     5 |     5 |     8 |     4 ||    22
Armor: Scale mail        |    10 |       |       |       ||    10
       Chain mail        |    17 |       |       |       ||    17
       Plate armour      |     4 |    39 |   119 |    67 ||   229
Dodge: Dodged            |    43 |    53 |   119 |    65 ||   280
Block: Buckler           |    25 |    26 |    53 |    52 ||   156

Table legend: (Time is in decaauts)
 A = Elapsed time spent in this place.
 B = Non-inter-level travel time spent in this place.
 C = Inter-level travel time spent in this place.
 D = Time resting spent in this place.
 E = Time spent auto-exploring this place.
 F = Levels seen in this place.
 G = Mean time per level.
                   A        B        C        D        E       F      G
               +--------+--------+--------+--------+--------+-----+--------+
         Total |   8046 |   7893 |    153 |    193 |   4558 |  11 |  731.5 |
       Dungeon |   7851 |   7698 |    153 |    193 |   4406 |  10 |  785.1 |
        Temple |    194 |    194 |      0 |      0 |    151 |   1 |  194.0 |
               +--------+--------+--------+--------+--------+-----+--------+

Top non-repeatable levels by time:
     D:5: 1356 daAuts
     D:3: 1143 daAuts
     D:6: 1081 daAuts
     D:9: 1004 daAuts
     D:7: 921 daAuts
     D:8: 645 daAuts
     D:2: 628 daAuts
     D:1: 557 daAuts
     D:4: 474 daAuts
  Temple: 194 daAuts
    D:10: 38 daAuts
